cohdb
Replays
Latest Replays
All Replays
Popular Replays
Top Player Replays
Match Explorer
How It Works
Community
CoH3 Stats
Reddit
Sign in to upload your games and track your stats! →
Sign in with Steam
Match 41615998
Unlisted
Match 41615998
Overview
Messages
Build Orders
End
Pioneer Squad
Construct Infanterie Kompanie
Selects Breakthrough Battlegroup
Selects Assault Grenadiers
MG 42 Machine Gun Team
Grenadier Squad
Grenadier Squad
Construct Luftwaffe Kompanie
Selects Smoke Bombing Run
Jäger Squad
Jäger Squad
Construct Panzer Kompanie
Selects Mechanized Assault Group
Panzer IV Medium Tank
Selects Rapid Production
Selects Blitzkrieg
Smoke Bombing Run
Panzer IV Medium Tank
Smoke Bombing Run
Mechanized Assault Group
Selects Panzer IV Command Tank Sd.Kfz. 161/1
Smoke Bombing Run
Panzer IV Command Tank
Smoke Bombing Run
Panzer IV Medium Tank
Smoke Bombing Run
Blitzkrieg
Smoke Bombing Run
Panzer IV Medium Tank
Panzer IV Medium Tank
Smoke Bombing Run
I.S.M.A.I.L
✠KREUZZUG✠
$kaffa soldier
HY3NA
[PD]roarr
Speedbird
Khayyam
Corpse
0
0
Comments
sign in to comment!
No comments posted yet!